 Seeded DCSS version 0.30.0-5-g1a98f26d00 (webtiles) character file.

Game seed: 14326371903400768900 (custom seed)

253 Pimp the Trooper (level 6, -12/56 HPs)
             Began as a Hill Orc Fighter on May 10, 2023.
             Was an Initiate of Vehumet.
             Mangled by an ogre
             ... wielding a +0 giant spiked club
              (14 damage)
             ... on level 4 of the Dungeon.
             The game lasted 00:04:28 (3213 turns).

Pimp the Trooper (Hill Orc Fighter)                 Turns: 3213, Time: 00:04:29

Health: -12/56     AC:  7    Str: 21    XL:     6   Next: 14%
Magic:  6/6        EV:  9    Int: 13    God:    Vehumet [......]
Gold:   155        SH:  4    Dex: 10    Spells: 5/5 levels left

rFire   . . .        a - +2 war axe
rCold   . . .        c - +0 buckler
rNeg    . . .        b - +0 scale mail
rPois   +            (no helmet)
rElec   .            (no cloak)
rCorr   .            (no gloves)
SInv    .            (no boots)
Will    .....        (no amulet) Stlth
                     h - ring "Nuamneack" {rPois Int+5}
HPRegen 0.29/turn    (no ring)
MPRegen 0.10/turn

%: no passive effects
@: about to teleport
A: no striking features
a: Renounce Religion


You were on level 4 of the Dungeon.
You worshipped Vehumet.
Vehumet was noncommittal.
You visited 1 branch of the dungeon, and saw 5 of its levels.

You collected 155 gold pieces.

Inventory:

Hand Weapons
 a - a +2 war axe (weapon)
Armour
 b - a +0 scale mail (worn)
 c - a +0 buckler (worn)
Jewellery
 h - the ring "Nuamneack" (left hand) {rPois Int+5}
   (You acquired it on level 3 of the Dungeon)

   [ring of poison resistance]

   Int:       It affects your intelligence (+5).
   rPois:     It protects you from poison.
 n - a ring of fire
Wands
 m - a wand of paralysis (7)
 s - a wand of roots (7)
Scrolls
 i - a scroll of identify
Potions
 e - 2 potions of brilliance {unknown}
 f - 2 potions of haste {unknown}
 g - a potion of berserk rage
 l - a potion of curing {unknown}
 q - a potion of flight {unknown}
 r - a potion of magic {unknown}
 t - a potion of mutation {unknown}


   Skills:
 + Level 5.1 Fighting
 + Level 4.6 Axes
 + Level 4.6 Armour
 + Level 4.6 Shields


You had 5 spell levels left.
You didn't know any spells.
Your spell library was empty.

Dungeon Overview and Level Annotations

Branches:
Dungeon (5/15)
 Temple: D:4-7

Altars:
Makhleb
Uskayaw
Vehumet
Wu Jian
Xom

Annotations:
D:4 2 runed translucent doors


Message History

The sky beast is heavily wounded.
The sky beast hits you. The sky beast shocks you.
You slice the sky beast!!
You kill the sky beast!
Vehumet accepts your kill.
Your Fighting skill increases to level 5!
You have reached level 6!
Nothing quivered!
You feel a little less mighty now.
Found a burning altar of Makhleb.
You see here a +0 robe.
Found a hide-covered altar of Uskayaw.
There is an open door here.
The howler monkey howls!
The killer bee buzzes angrily.
You open the door.
An ogre comes into view. It is wielding a +0 giant spiked club.
The ogre closely misses you.
There is an open door here.
You completely miss the ogre.
The ogre hits you with a +0 giant spiked club!!
You hear a shout!
You barely miss the ogre.
You hear an angry hiss.
You hear a shout!
You hear a bark!
A kobold comes into view. It is wielding a +0 club.
You hit the ogre.
The ogre is lightly wounded.
The ogre hits you with a +0 giant spiked club!
You slash the ogre!
The ogre is heavily wounded.
The ogre closely misses you.
You slash the ogre!
The ogre is almost dead.
The ogre hits you with a +0 giant spiked club!!
* * * LOW HITPOINT WARNING * * *
Okay, then.
As you read the scroll labelled USYIDA JOXUW, it crumbles to dust.
You feel strangely unstable.
It was a scroll of teleportation.
The ogre hits you with a +0 giant spiked club!
You die...

#....... .......
.....# ....# ##...# #
#....# ## #####
##....# K## ##..#
#.....## #O#
....###..#...###@#
.#...##..###.....#####
##.......# ###..##8?}8
####+########..#8....
#.##...+y....
#......+......
#......#8....8
#####..##8=[8#
#.##....######


You could see an ogre and a kobold.

Vanquished Creatures
  A sky beast (D:4)
  2 hounds
  An orc wizard (D:3)
  An adder (D:3)
  3 dart slugs
  5 orcs
  4 endoplasms
  4 goblins
  4 hobgoblins
  7 kobolds
  3 quokkas
  7 ball pythons
  6 bats
  3 frilled lizards (D:1)
  7 rats
58 creatures vanquished.

Notes
Turn   | Place    | Note
-------+----------+-------------------------------------------
     0 | D:1      | Pimp the Hill Orc Fighter began the quest for the Orb.
     0 | D:1      | Reached XP level 1. HP: 19/19 MP: 1/1
   278 | D:1      | Reached XP level 2. HP: 24/27 MP: 2/2
   527 | D:1      | Reached skill level 4 in Fighting
   563 | D:1      | Reached XP level 3. HP: 32/33 MP: 3/3
  1743 | D:3      | Reached XP level 4. HP: 26/41 MP: 4/4
  1931 | D:3      | Found an ornate altar of the Wu Jian Council.
  2038 | D:3      | Found a shimmering altar of Xom.
  2088 | D:3      | Identified a scroll of acquirement
  2088 | D:3      | Acquired the ring "Nuamneack" {rPois Int+5}
  2742 | D:4      | Found a radiant altar of Vehumet.
  2756 | D:4      | Became a worshipper of Vehumet
  2779 | D:4      | You fall into a shaft and drop 1 floor!
  2779 | D:5      | Entered Level 5 of the Dungeon
  2838 | D:5      | Reached XP level 5. HP: 39/47 MP: 5/5
  3009 | D:4      | Found a large runed translucent door.
  3013 | D:4      | Found a large runed translucent door.
  3080 | D:4      | Noticed a sky beast
  3092 | D:4      | Killed a sky beast
  3093 | D:4      | Reached skill level 5 in Fighting
  3093 | D:4      | Reached XP level 6. HP: 41/56 MP: 6/6
  3147 | D:4      | Found a burning altar of Makhleb.
  3156 | D:4      | Found a hide-covered altar of Uskayaw.
  3212 | D:4      | HP: 1/56 [ogre/+0 giant spiked club (18)]
  3213 | D:4      | Mangled by an ogre

Illustrated notes

Levels and vault maps discovered:
D:1:      dpeg_arrival_castle, layout_basic, serial_forest,
          infiniplex_forest_lined_3, infiniplex_forest_lined_room_2,
          infiniplex_forest_diagonal, infiniplex_forest_3_way,
          infiniplex_forest_end_1, infiniplex_forest_clump_diagonal
D:2:      layout_loops_cross, nicolae_elevator_lobby_plus
D:3:      layout_basic, lemuel_tele_altar, nzn_wu_jian_contemplation
D:4:      layout_cave_pools, tso_altar, vehumet_crystals,
          mainiacjoe_overflow_swirl, eino_small_chamber_without_monster,
          minmay_hollow_rounded_squares
D:5:      layout_cave_pods, trog_antimagical,
          mainiacjoe_overflow_large_starburst, minmay_temple_entry_tees,
          dreamdust_princess_bridge

Skill      XL: |  1  2  3  4  5 |
---------------+----------------+-----
Axes           | 3 4 |  4.6
Fighting       | 4 5 |  5.1
Armour         | 4 |  4.6
Shields        | 4 |  4.6

Action                     |  1- 3 |  4- 6 || total
---------------------------+-------+-------++-------
  Melee: War axe           |   117 |    59 ||   176
    Use: Scroll            |     6 |     5 ||    11
         Potion            |     1 |     1 ||     2
 Armour: Scale mail        |    77 |    28 ||   105
  Dodge: Dodged            |    50 |    30 ||    80
  Block: Buckler           |    30 |     7 ||    37
